cohdb
Replays
Latest Replays
All Replays
Popular Replays
Top Player Replays
Match Explorer
How It Works
Community
CoH3 Stats
Reddit
Sign in to upload your games and track your stats! →
Sign in with Steam
Match 43962496
Unlisted
Match 43962496
Overview
Messages
Build Orders
End
Panzergrenadier Squad
Selects Italian Infantry
250 Light Carrier
Panzerpioneer Squad
Construct Light Support Kompanie
2.5-tonne Medical Truck
Selects Guastatori Squad
Guastatori Squad
Panzerjäger Mechanized Group
Selects Defensive Operations
Guastatori Squad
Selects L6/40 Light Tank Combat Group
Fire Support Elements
Gaylord Thistlebottom VII
BrianZ
dj pauly d gtl
gskogowk
Wyl
FreeWilly
mordfustang
cannot compute
0
0
Comments
sign in to comment!
No comments posted yet!